Map: Lockdown LE

Players

Hipertex

  • Race: Zerg Zerg
  • League: Diamond
  • Spawn Location: 7:00

VilugArZa - Winner!

  • Race: Terran Terran
  • League: Platinum
  • Spawn Location: 1:00

VOD

Have the link to the VOD?

Description

Time

  • Played on: July 6, 2026, 8:47 p.m.
  • Length: 9:24
Show
View Real Time Build Order
Export as new Build Order

Hipertex Zerg 

Build Orders: Hatch First, Ravager All-In 

Get SALT Encoding   

  8  0:00  Drone  
  9  0:10  Drone  
  10  0:16  Drone  
  11  0:21  Drone  
  12  0:33  Overlord  
  12  0:52  Drone x3  
  15  1:12  Hatchery  
  15  1:14  Drone  
  15  1:19  Drone  
  15  1:24  Drone  
  17  1:32  Drone  
  18  1:39  Extractor  
  17  1:46  Spawning Pool  
  17  1:47  Drone  
  17  1:52  Drone  
  18  2:04  Drone  
  19  2:12  Overlord  
  19  2:23  Drone  
  19  2:28  Drone  
  21  2:32  Queen x2  
  21  2:35  Zergling x4  
  21  2:36  Extractor  
  26  2:46  Drone  
  26  2:47  Drone  
  28  2:53  Drone  
  28  2:57  Drone  
  30  3:01  Roach Warren  
  29  3:08  Drone  
  30  3:15  Drone x2  
  30  3:19  Overlord  
  32  3:24  Overlord  
  32  3:26  Overlord  
  32  3:43  Roach x3  
  32  3:44  Roach  
  32  3:47  Roach  
  42  3:56  Roach  
  42  3:58  Drone  
  42  3:59  Drone x2  
  47  4:13  Drone x2  
  47  4:14  Drone  
  50  4:22  Drone  
  50  4:23  Drone  
  52  4:32  Spore Crawler  
  52  4:35  Ravager x2  
  52  4:36  Ravager x2  
  52  4:37  Ravager  
  56  4:48  Drone  
  55  4:57  Lair  
  55  5:04  Overlord x2  
  55  5:10  Hatchery  
  54  5:15  Hatchery  
  53  5:30  Drone x5  
  53  5:31  Drone x6  
  53  5:32  Drone  
  56  6:09  Drone  
  56  6:10  Drone x11  
  68  6:15  Extractor x2  
  66  6:18  Evolution Chamber  
  66  6:19  Evolution Chamber  
  62  6:26  Drone  
  62  6:27  Drone x2  
  62  6:30  Spire  
  58  6:47  Zerg Ground Armor Level 1  
  58  6:50  Zerg Missile Weapons Level 1  
  58  6:51  Drone x2  
  58  6:52  Drone  
  58  6:53  Drone  
  62  6:54  Drone  
  62  6:55  Drone x9  
  62  6:58  Overlord  
  62  6:59  Overlord x3  
  72  7:06  Glial Reconstitution  
  72  7:07  Infestation Pit  
  71  7:09  Drone  
  71  7:11  Overlord x2  
  72  7:16  Queen x3  
  72  7:21  Extractor  
  77  7:23  Extractor  
  77  7:25  Drone x2  
  77  7:26  Drone  
  77  7:27  Drone x2  
  77  7:28  Drone x3  
  84  7:30  Drone  
  84  7:33  Extractor x2  
  84  7:36  Drone x3  
  86  7:37  Drone  
  86  7:38  Drone x2  
  86  7:40  Drone x2  
  91  7:45  Hatchery  
  91  7:50  Drone x2  
  91  7:51  Drone x2  
  94  7:56  Hive  
  94  7:58  Metabolic Boost  
  94  8:15  Roach x10  
  94  8:16  Roach  
  116  8:24  Spine Crawler  
  116  8:25  Roach x2  
  116  8:26  Spine Crawler  
  116  8:27  Zergling x4  
  109  9:02  Overseer  
  109  9:03  Overseer  
  109  9:05  Spore Crawler  
Show
View Real Time Build Order
Export as new Build Order

VilugArZa Terran - Winner!

Build Orders: 2 Factory, Mech 

Get SALT Encoding   

  8  0:02  SCV  
  9  0:14  SCV  
  10  0:26  SCV  
  11  0:30  Supply Depot  
  11  0:38  SCV  
  12  0:50  SCV  
  13  1:01  Barracks  
  13  1:03  SCV  
  14  1:15  SCV, Refinery  
  15  1:27  SCV  
  16  1:39  SCV  
  17  1:54  Supply Depot  
  17  1:56  Orbital Command  
  17  2:22  SCV  
  18  2:28  Factory  
  18  2:34  SCV  
  19  2:46  SCV  
  20  2:53  Refinery  
  21  2:58  SCV  
  21  3:00  Supply Depot  
  21  3:03  Reaper  
  22  3:10  SCV  
  23  3:21  Widow Mine  
  23  3:22  SCV, Factory  
  26  3:34  SCV  
  27  3:46  Factory Tech Lab, Factory, SCV  
  28  3:59  SCV  
  28  4:11  SCV  
  29  4:23  SCV  
  29  4:24  Factory Tech Lab  
  30  4:25  Siege Tank  
  33  4:32  Factory Reactor  
  33  4:48  Supply Depot  
  33  4:52  Supply Depot  
  33  4:54  Supply Depot  
  33  4:59  Command Center  
  31  5:04  Siege Tank  
  31  5:06  Widow Mine  
  36  5:21  Widow Mine x2  
  37  5:28  Widow Mine  
  36  5:36  Widow Mine  
  22  5:58  Siege Tank  
  21  6:09  Widow Mine x2  
  19  6:24  SCV  
  11  6:36  SCV  
  12  6:47  Widow Mine x2  
  12  6:48  Widow Mine x2, SCV  
  21  7:00  SCV  
  22  7:12  SCV  
  23  7:24  SCV  
  24  7:36  Widow Mine, SCV  
  24  7:37  Widow Mine x3  
  33  7:49  SCV  
  34  7:58  Widow Mine  
  36  8:01  SCV  
  37  8:13  SCV  
  38  8:20  Factory Tech Lab  
  38  8:23  Siege Tank  
  38  8:25  SCV  
  42  8:37  SCV  
  37  8:49  SCV  
  22  9:01  SCV  
  26  9:15  Supply Depot  
Tags
 
Add a new tag
Caveats
  • Supply blocks, unpowered buildings, or Contaminate may cause inaccurate times.
  • Supply counts are checked every 10 seconds.